 Dungeon Crawl Stone Soup version 0.30-a0-591-g3c58d2bc28 (webtiles) character file.

Game seed: 7228772174949501724

55 bmack86 the Shield-Bearer (level 3, -1/33 HPs)
             Began as a Minotaur Fighter on Jan 5, 2023.
             Slain by a gnoll
             ... wielding a +0 halberd
              (10 damage)
             ... on level 3 of the Dungeon.
             The game lasted 00:06:16 (1912 turns).

bmack86 the Shield-Bearer (Minotaur Fighter)        Turns: 1912, Time: 00:06:17

Health: -1/33      AC:  7    Str: 22    XL:     3   Next: 67%
Magic:  2/2        EV:  9    Int:  5    God:
Gold:   108        SH:  4    Dex:  9    Spells: 2/2 levels left

rFire   . . .      SeeInvis .    a - +0 war axe
rCold   . . .      Faith    .    c - +0 buckler
rNeg    . . .      Spirit   .    b - +0 scale mail
rPois   .          Reflect  .    (helmet restricted)
rElec   .          Harm     .    (no cloak)
rCorr   .          Rampage  .    (no gloves)
Will    .....                    (no boots) Stlth
                                 m - amulet of regeneration
HPRegen 1.05/turn                (no ring)
MPRegen 0.08/turn                (no ring)

@: no status effects
A: horns 2, retaliatory headbutt
a: no special abilities


You were on level 3 of the Dungeon.
You visited 1 branch of the dungeon, and saw 3 of its levels.

You collected 174 gold pieces.
You spent 66 gold pieces at shops.

Inventory:

Hand Weapons
 a - a +0 war axe (weapon)
Missiles
 e - 6 poisoned darts
 k - 3 silver boomerangs (quivered)
Armour
 b - a +0 scale mail (worn)
 c - a +0 buckler (worn)
Jewellery
 l - an amulet of the acrobat
 m - an amulet of regeneration (around neck)
Scrolls
 f - a scroll of identify
 g - a scroll of fear
 i - 2 scrolls of magic mapping
 j - 2 scrolls of fog
Potions
 d - 2 potions of might
 h - 3 potions of curing
 n - 2 potions of brilliance


   Skills:
 + Level 4.0 Fighting
 * Level 3.5 Axes
 + Level 0.9 Throwing
 + Level 4.0 Armour
 + Level 4.1 Shields


You had 2 spell levels left.
You didn't know any spells.
Your spell library contained the following spells:

 Spells                   Type           Power      Damage    Failure   Level
 Shock                    Conj/Air       0%         1d3       87%         1
 Swiftness                Air            0%         N/A       99%         3
 Airstrike                Air            0%         2d(0-16)  100%        4
 Sticky Flame             Conj/Fire      0%         2d3       100%        4
 Conjure Ball Lightning   Conj/Air       0%         3x3d6     100%        6
 Discord                  Hex            0%         N/A       100%        8


Dungeon Overview and Level Annotations

Branches:
Dungeon (3/15)

Altars:

Shops:
D:2 =?((


Innate Abilities, Weirdness & Mutations

You have a pair of horns on your head.
You reflexively headbutt those who attack you in melee.


Message History

The giant cockroach bites you but does no damage.
The giant cockroach bites you.
You slash the giant cockroach!
You kill the giant cockroach!
You now have 108 gold pieces (gained 5). 2 gnolls come into view.
The gnoll shouts!
You hear a shout! x2
The gnoll moves out of view.
A gnoll comes into view. It is wielding a +0 whip.
You throw a silver boomerang.
The silver boomerang hits the gnoll but does no damage.
The gnoll is lightly wounded.
You throw a silver boomerang.
The silver boomerang barely misses the gnoll.
A gnoll comes into view. It is wielding a +1 spear of venom.
You throw a silver boomerang.
The silver boomerang closely misses the gnoll.
You throw a silver boomerang.
The silver boomerang closely misses the gnoll.
The gnoll hits you from afar with a +0 halberd! x2
The gnoll hits you from afar with a +0 halberd!
* * * LOW HITPOINT WARNING * * *
You slash the gnoll!
The gnoll is severely wounded.
The gnoll barely misses you.
You hit the gnoll.
The gnoll is moderately wounded.
You hit the gnoll.
You kill the gnoll!
The gnoll completely misses you. The gnoll hits you with a +0 whip.
* * * LOW HITPOINT WARNING * * *
The gnoll hits you but does no damage.
You hit the gnoll but do no damage.
The gnoll is moderately wounded.
The gnoll hits you but does no damage. The gnoll barely misses you.
The gnoll closely misses you. x2; You block the gnoll's attack.
You slash the gnoll!
The gnoll is almost dead.
The gnoll hits you from afar with a +0 halberd!
You die...

#+# #.# #.#
#######.##
........g####.##
#...@.g.....
##...#g##.##
##.## # #.# #.#
#.# #### ### #.#
##..... ..# #.#
.. ..# #.# #.#


You could see 3 gnolls.

Vanquished Creatures
  2 gnolls
  An adder (D:2)
  An orc (D:3)
  3 ball pythons
  A bat (D:1)
  5 endoplasms
  A giant cockroach (D:3)
  A hobgoblin (D:2)
  2 jackals (D:2)
  A quokka (D:2)
  3 kobolds
  4 rats
  A bush (D:1)
26 creatures vanquished.

Vanquished Creatures (others)
  A demonic plant (D:2)
1 creature vanquished.

Grand Total: 27 creatures vanquished

Notes
Turn   | Place    | Note
-------+----------+-------------------------------------------
     0 | D:1      | bmack86 the Minotaur Fighter began the quest for the Orb.
     0 | D:1      | Reached XP level 1. HP: 19/19 MP: 0/0
    42 | D:1      | Reached XP level 2. HP: 10/27 MP: 1/1
   990 | D:2      | Found Jozau's Magic Scroll Shop.
  1086 | D:2      | Reached XP level 3. HP: 33/33 MP: 2/2
  1092 | D:2      | Found Deif's Jewellery Emporium.
  1198 | D:2      | Found a faded altar of an unknown god.
  1198 | D:2      | Noticed a Hell Sentinel
  1247 | D:2      | Found Kebbeirch's Antique Weapon Emporium.
  1285 | D:2      | Found Cuemn's Weapon Shoppe.
  1291 | D:2      | Bought 4 silver boomerangs for 66 gold pieces
  1694 | D:3      | Got the Codex of Fulmination and the Jinx
  1912 | D:3      | Slain by a gnoll

Illustrated notes

Levels and vault maps discovered:
D:1:      minmay_arrival_split_and_join, layout_loops_ring,
          palyth_stone_intersect, minmay_hedge_maze, minmay_misc_feat_ornament
D:2:      layout_basic, serial_shops, nicolae_shop_crystal,
          nicolae_shop_hallway_plus, shop, shop,
          dreamdust_ecumenical_altar_sealed_demon
D:3:      layout_loops_corners

Skill      XL: |  1  2  3 |
---------------+----------+-----
Axes           | 3 |  3.5
Fighting       | 4 |  4.0
Shields        | 4 |  4.1
Armour         | 4 |  4.0
Throwing       | |  0.9

Action                   || total
-------------------------++-------
Melee: War axe           ||    87
       Headbutt          ||    15
Throw: Dart              ||     6
       Boomerang         ||    16
  Use: Scroll            ||     5
Armor: Scale mail        ||    17
Dodge: Dodged            ||    35
Block: Buckler           ||     9

Table legend: (Time is in decaauts)
 A = Elapsed time spent in this place.
 B = Non-inter-level travel time spent in this place.
 C = Inter-level travel time spent in this place.
 D = Time resting spent in this place.
 E = Time spent auto-exploring this place.
 F = Levels seen in this place.
 G = Mean time per level.
                   A        B        C        D        E       F      G
               +--------+--------+--------+--------+--------+-----+--------+
         Total |   1948 |   1897 |     51 |      0 |   1462 |   3 |  649.3 |
       Dungeon |   1948 |   1897 |     51 |      0 |   1462 |   3 |  649.3 |
               +--------+--------+--------+--------+--------+-----+--------+

Top non-repeatable levels by time:
     D:1: 971 daAuts
     D:2: 661 daAuts
     D:3: 315 daAuts
